 Dungeon Crawl Stone Soup version 0.27.0-1-g7a089689b8 (webtiles) character file.

Game seed: 10044639860167038125

1363 user000 the Cleaver (level 8, 0/74 HPs)
             Began as a Minotaur Berserker on Aug 16, 2021.
             Was a Priest of Trog.
             Killed from afar by Maggie (31 damage)
             ... with a bolt of fire
             ... on level 6 of the Dungeon.
             The game lasted 00:38:00 (7259 turns).

user000 the Cleaver (Minotaur Berserker)            Turns: 7259, Time: 00:38:01

Health: 0/74       AC:  8    Str: 23    XL:     8   Next: 38%
Magic:  7/7        EV:  7    Int:  4    God:    Trog [***...]
Gold:   198        SH:  3    Dex: 11    Spells: 7/7 levels left

rFire    . . .     SeeInvis +   a - +0 hand axe
rCold    . . .     Faith    .   j - +0 buckler
rNeg     . . .     Spirit   .   y - +0 chain mail
rPois    .         Reflect  .   (helmet restricted)
rElec    .         Harm     .   A - scarf {+Inv}
rCorr    .         Rampage  .   (no gloves)
Will     ++...                  (no boots)
Stlth    ..........             (no amulet)
HPRegen  1.22/turn              c - ring of see invisible
MPRegen  0.10/turn              (no ring)

@: strong-willed, mesmerised, regenerating
A: horns 2, retaliatory headbutt
a: Renounce Religion, Evoke Invisibility, Berserk, Trog's Hand


You were on level 6 of the Dungeon.
You worshipped Trog.
Trog was most pleased with you.
You visited 1 branch of the dungeon, and saw 6 of its levels.
You also visited: Sewer and Ossuary.

You collected 341 gold pieces.
You spent 143 gold pieces at shops.

Inventory:

Hand Weapons
 a - a +0 hand axe (weapon)
Missiles
 d - 71 sling bullets
 h - 43 bolts
 t - 3 boomerangs
 B - a curare-tipped dart
 D - a throwing net
 F - 15 poisoned darts (quivered)
Armour
 j - a +0 buckler (worn)
 y - a +0 chain mail (worn)
 A - a scarf of invisibility (worn)
Magical Staves
 k - a staff of air
 z - a staff of death
Jewellery
 c - a ring of see invisible (left hand)
Wands
 E - a wand of mindburst (12)
Scrolls
 b - a scroll of acquirement {unknown}
 e - 6 scrolls of identify {unknown}
 f - 2 scrolls of magic mapping {unknown}
 g - a scroll of fog {unknown}
 i - 2 scrolls of amnesia {unknown}
 l - 5 scrolls of torment {unknown}
 n - 2 scrolls of immolation {unknown}
 q - a scroll of noise {unknown}
 s - 2 scrolls of teleportation {unknown}
 C - a scroll of summoning
Potions
 m - 3 potions of attraction {unknown}
 o - 3 potions of lignification {unknown}
 p - 3 potions of flight
 r - 4 potions of invisibility {unknown}
 u - 2 potions of mutation {unknown}
 v - a potion of magic {unknown}
 w - a potion of berserk rage
 x - 2 potions of degeneration {unknown}
 G - a potion of heal wounds {unknown}
 H - a potion of curing


   Skills:
 + Level 8.0 Fighting
 * Level 10.6 Axes
 - Level 2.4 Armour
 - Level 2.2 Dodging


You had 7 spell levels left.
You didn't know any spells.
Your spell library contained the following spells:

 Spells                   Type           Power      Damage    Failure   Level
 Apportation              Tloc           0%         N/A       100%        1
 Magic Dart               Conj           0%         1d3       100%        1
 Call Imp                 Summ           0%         N/A       100%        2
 Mephitic Cloud           Conj/Pois/Air  0%         N/A       100%        3
 Olgreb's Toxic Radiance  Pois           0%         N/A       100%        4
 Ozocubu's Refrigeration  Ice            0%         4d5       100%        7
 Ignition                 Fire           0%         3d3       100%        8


Dungeon Overview and Level Annotations

Branches:
Dungeon (6/15)             Temple (0/1) D:4           Sewer (visited)
Ossuary (visited)

Altars:
Ru
Zin

Shops:
D:1 :   D:3 *

Annotations:
D:6 Maggie


Innate Abilities, Weirdness & Mutations

You have a pair of horns on your head.
You reflexively headbutt those who attack you in melee.


Message History

Maggie is moderately wounded.
Maggie hits you with a +0 long sword of pain.
You closely miss Maggie. You headbutt Maggie!
Maggie is heavily wounded.
Maggie hits you with a +0 long sword of pain.
You writhe in agony.
You hit Maggie but do no damage.
Maggie is heavily wounded.
Maggie looks more healthy.
Your chain mail prevents you from hitting Maggie.
Maggie is heavily wounded.
You block Maggie's attack.
You slash Maggie!
Maggie is severely wounded.
Maggie hits you with a +0 long sword of pain!
You writhe in agony.
You hit Maggie.
Maggie is severely wounded.
Maggie hits you with a +0 long sword of pain.
You barely miss Maggie. You headbutt Maggie!
Maggie is almost dead.
Maggie hits you but does no damage.
You writhe in agony.
You barely miss Maggie.
Maggie is almost dead.
Maggie casts a spell.
Maggie draws you further into her thrall.
You completely miss Maggie. You headbutt Maggie!
Maggie is almost dead.
Maggie hits you with a +0 long sword of pain!
Your shield and chain mail prevent you from hitting Maggie.
You headbutt Maggie, but do no damage.
Maggie is almost dead.
You barely miss Maggie.
Maggie is almost dead.
Maggie hits you with a +0 long sword of pain!
Your shield and chain mail prevent you from hitting Maggie.
Maggie is almost dead.
Maggie gestures at you while chanting. The bolt of fire hits you!!
You die...

##.........
#.........#
..........##
...........#
...........# .
.........##..
#..........
##.###†<.......
...(...@.......
.......@.......
.......(.......
...##..........
.. ...........
. ?...........
#....(.......
##...........


You could see Maggie (mesmerising).

Vanquished Creatures
  Purgy (Sewer)
  A sky beast (D:5)
  2 centaurs (D:5)
  A kobold brigand (D:4)
  A scorpion (D:4)
  A water moccasin skeleton (D:5)
  4 centaur zombies (Ossuary)
  2 hounds
  A gnoll shaman (D:3)
  2 orc priests
  2 jellies (D:5)
  Jessica (D:2)
  2 iguanas
  2 orc wizards (D:5)
  6 mummies
  A howler monkey zombie (D:5)
  7 adders
  10 gnolls
  A white imp (D:5)
  An adder skeleton (D:5)
  A worm (D:2)
  4 dart slugs
  12 orcs
  6 endoplasms
  A giant cockroach (D:1)
  5 goblins
  3 hobgoblins
  12 jackals
  14 kobolds
  3 quokkas
  6 ball pythons
  2 bats
  3 frilled lizards
  4 hobgoblin zombies (Ossuary)
  2 rats
127 creatures vanquished.

Vanquished Creatures (others)
  An orc wizard (D:5)
1 creature vanquished.

Grand Total: 128 creatures vanquished

Notes
Turn   | Place    | Note
-------+----------+-------------------------------------------
     0 | D:1      | user000 the Minotaur Berserker began the quest for the Orb.
     0 | D:1      | Reached XP level 1. HP: 19/19 MP: 0/0
   158 | D:1      | Found a faded altar of an unknown god.
   160 | D:1      | Found Urierija's Book Shop.
   227 | D:1      | Reached skill level 4 in Axes
   238 | D:1      | Reached XP level 2. HP: 23/27 MP: 1/1
  1154 | D:2      | Reached XP level 3. HP: 27/33 MP: 2/2
  1297 | D:2      | Reached ** piety under Trog
  1476 | D:2      | Reached skill level 5 in Axes
  1600 | D:2      | Reached XP level 4. HP: 13/41 MP: 3/3
  2000 | D:2      | Noticed Jessica
  2006 | D:2      | Killed Jessica
  2036 | D:2      | Got Jessica's Papyrus of Orientation
  2246 | D:3      | Reached skill level 6 in Axes
  2333 | D:3      | Found a glowing drain.
  2338 | D:3      | Reached XP level 5. HP: 40/47 MP: 4/4
  2345 | Sewer    | Entered a sewer
  2548 | Sewer    | Noticed Purgy
  2555 | Sewer    | Killed Purgy
  2556 | Sewer    | Reached skill level 5 in Fighting
  2779 | D:3      | Found Umuarghots's General Store.
  3148 | D:3      | Reached skill level 7 in Axes
  3148 | D:3      | Reached XP level 6. HP: 56/56 MP: 5/5
  3434 | D:3      | Bought a potion of flight for 39 gold pieces
  3434 | D:3      | Bought a potion of curing for 39 gold pieces
  3434 | D:3      | Bought a potion of berserk rage for 65 gold pieces
  4380 | D:4      | Found a staircase to the Ecumenical Temple.
  4574 | D:4      | Found a sand-covered staircase.
  4579 | Ossuary  | Entered an ossuary
  4593 | Ossuary  | Reached *** piety under Trog
  4595 | Ossuary  | Reached skill level 8 in Axes
  4711 | Ossuary  | Reached XP level 7. HP: 63/63 MP: 6/6
  5438 | D:4      | Reached skill level 9 in Axes
  5761 | D:5      | Entered Level 5 of the Dungeon
  5889 | D:4      | HP: 4/99 [poisoned by a scorpion]
  6214 | D:5      | Found a sacrificial altar of Ru.
  6297 | D:5      | Reached skill level 10 in Axes
  6297 | D:5      | Reached XP level 8. HP: 65/73 MP: 7/7
  6385 | D:5      | Reached **** piety under Trog
  6870 | D:5      | Found a glowing silver altar of Zin.
  7132 | D:6      | Noticed Maggie
  7259 | D:6      | Killed from afar by Maggie

Illustrated notes

Levels and vault maps discovered:
D:1:      dpeg_arrival_arbitrary_c, layout_basic, serial_shops,
          nicolae_shop_window_shopping,
          hellmonk_ecumenical_altar_pennies_from_heaven
D:2:      layout_basic, minmay_misc_feat_five, kennysheep_jessica_study
D:3:      layout_rooms, cheibrodos_sewer_entry_sluice, serial_shops, shop_coins
D:4:      layout_basic, minmay_temple_entry_tees,
          nicolae_ossuary_entry_false_entrances
D:5:      layout_cave_pools, nicolae_ru_awakened_eye, zin_scriptorium,
          kennysheep_cross_bottleneck, kennysheep_generic_room_7
D:6:      layout_cave_pools, amcnicky_mini_rare_corridor_liquid, uniq_maggie

Skill      XL: |  1  2  3  4  5  6  7  8 |
---------------+-------------------------+-----
Axes           | 4 5 6 7 8 10 | 10.6
Fighting       | 4 5 6 7 8 |  8.0
Armour         | |  2.4
Dodging        | |  2.2

Action                   |  1- 3 |  4- 6 |  7- 9 || total
-------------------------+-------+-------+-------++-------
Melee: Hand axe          |    80 |    99 |   135 ||   314
       Headbutt          |    19 |    17 |    34 ||    70
Throw: Boomerang         |       |     8 |    23 ||    31
       Dart              |       |       |     7 ||     7
Invok: Berserk           |       |     3 |     2 ||     5
       Trog's Hand       |       |       |     1 ||     1
  Use: Potion            |       |       |     3 ||     3
Armor: Animal skin       |     5 |       |       ||     5
       Leather armour    |    22 |    10 |       ||    32
       Ring mail         |       |    23 |       ||    23
       Chain mail        |       |    30 |    63 ||    93
Dodge: Dodged            |    46 |    86 |    53 ||   185
Block: Buckler           |       |       |     6 ||     6
